 Dungeon Crawl Stone Soup version 0.29.1-15-g9cfb28693d (webtiles) character file.

Game seed: 5269572883545620919

258 safid the Chiller (level 6, -5/47 HPs)
             Began as a Merfolk Ice Elementalist on Mar 17, 2023.
             Splashed by a jelly's acid (9 damage)
             ... on level 4 of the Dungeon.
             The game lasted 00:05:36 (4472 turns).

safid the Chiller (Merfolk Ice Elementalist)        Turns: 4472, Time: 00:05:37

Health: -5/47      AC: -2    Str:  9    XL:     6   Next: 16%
Magic:  6/11       EV: 12    Int: 16    God:
Gold:   176        SH:  0    Dex: 14    Spells: 5/12 levels left

rFire   . . .      SeeInvis .   l - +0 dagger (flame)
rCold   . . .      Faith    .   (no shield)
rNeg    . . .      Spirit   .   a - +0 robe
rPois   .          Reflect  .   (no helmet)
rElec   .          Harm     .   (no cloak)
rCorr   .          Rampage  .   (no gloves)
Will    .....                   (no boots)
Stlth   ++........              (no amulet)
HPRegen 0.15/turn               (no ring)
MPRegen 0.12/turn               (no ring)

@: corroded
A: (nimble swimmer 2), mertail
a: no special abilities


You were on level 4 of the Dungeon.
You visited 1 branch of the dungeon, and saw 4 of its levels.

You collected 176 gold pieces.

Inventory:

Hand Weapons
 l - a +0 dagger of flaming (weapon)
Armour
 a - a +0 robe (worn)
Scrolls
 e - 2 scrolls of identify {unknown}
 f - a scroll of magic mapping {unknown}
 g - a scroll of amnesia {unknown}
 i - a scroll of teleportation {unknown}
 j - a scroll of enchant weapon {unknown}
 m - a scroll of poison {unknown}
 o - a scroll of vulnerability {unknown}
Potions
 b - a potion of magic
 c - 3 potions of haste {unknown}
 d - a potion of heal wounds {unknown}
 h - a potion of mutation {unknown}
 k - 2 potions of lignification {unknown}
 n - a potion of flight {unknown}


   Skills:
 + Level 3.5 Fighting
 - Level 2.6 Dodging
 - Level 2.1 Stealth
 + Level 3.6 Spellcasting
 + Level 5.8 Ice Magic


You had 5 spell levels left.
You knew the following spells:

 Your Spells              Type           Power      Damage    Failure   Level
a - Freeze                Ice            84%        1d10      1%          1
b - Frozen Ramparts       Ice            42%        1d7       4%          3
c - Ozocubu's Armour      Ice            21%        N/A       4%          3

Your spell library contained the following spells:

 Spells                   Type           Power      Damage    Failure   Level
 Conjure Flame            Conj/Fire      2%         6-21      47%         3
 Ignite Poison            Fire/Tmut/Pois 2%         N/A       47%         3
 Hailstorm                Conj/Ice       12%        3d5       47%         4
 Sticky Flame             Conj/Fire      2%         2d3       87%         4


Dungeon Overview and Level Annotations

Branches:
Dungeon (4/15)
 Temple: D:4-7

Altars:
Qazlal
Uskayaw

Shops:
D:3 [

Annotations:
D:2 1 runed translucent door, Crazy Yiuf


Innate Abilities, Weirdness & Mutations

((You are very nimble when in or above water. (Stealth+, EV+, Speed+++)))
Your lower body shifts to a powerful aquatic tail in water.


Message History

Casting: Freeze (safe; 1% risk of failure)
Confirm with . or Enter, or press ? or * to list all spells.
Aiming: Freeze (safe; 1% risk of failure)
Press: ? - help, Shift-Dir - straight line, f/p - jelly
Aim: a jelly You freeze the jelly!
The jelly is heavily wounded.
The jelly hits you. The acid corrodes you!
You are splashed with acid!
Unknown command.
Casting: Freeze (safe; 1% risk of failure)
Confirm with . or Enter, or press ? or * to list all spells.
Aiming: Freeze (safe; 1% risk of failure)
Press: ? - help, Shift-Dir - straight line, f/p - jelly
Aim: a jelly (heavily wounded)
You freeze the jelly.
The jelly is severely wounded.
The jelly barely misses you.
Unknown command.
Casting: Freeze (safe; 1% risk of failure)
Confirm with . or Enter, or press ? or * to list all spells.
Aiming: Freeze (safe; 1% risk of failure)
Press: ? - help, Shift-Dir - straight line, f/p - jelly
Aim: a jelly (severely wounded)
You freeze the jelly.
The jelly is severely wounded.
The adder hisses angrily.
The jelly hits you.
You are splashed with acid!
Casting: Freeze (safe; 1% risk of failure)
Confirm with . or Enter, or press ? or * to list all spells.
Aiming: Freeze (safe; 1% risk of failure)
Press: ? - help, Shift-Dir - straight line, f/p - jelly
Aim: a jelly (severely wounded)
You freeze the jelly.
The jelly is severely wounded.
The jelly hits you.
You are splashed with acid!
* * * LOW HITPOINT WARNING * * *
The jelly attacks as you move away! The jelly hits you.
* * * LOW HITPOINT WARNING * * *
You are splashed with acid!
You die...

. #. #.#########
## #....#...#
#.###..[#...###
.##.#.....J....##
.........@..S.....
#..............##
#...#...#..?.#.#
#...#...#....# #
#...##.###...#
###...##........#
#........?######..
#.#.........# .#
#.#.#...#.#


You could see a jelly and an adder.

Vanquished Creatures
  A scorpion (D:4)
  An iguana (D:4)
  Terence (D:2)
  An orc wizard (D:3)
  4 adders
  4 dart slugs
  3 orcs (D:3)
  8 endoplasms
  4 giant cockroaches
  8 goblins
  4 hobgoblins (D:1)
  5 quokkas
  9 ball pythons
  4 bats
  4 frilled lizards
  7 kobolds
  10 rats
78 creatures vanquished.

Vanquished Creatures (others)
  A plant (D:1)
1 creature vanquished.

Grand Total: 79 creatures vanquished

Notes
Turn   | Place    | Note
-------+----------+-------------------------------------------
     0 | D:1      | safid the Merfolk Ice Elementalist began the quest for the
                  | Orb.
     0 | D:1      | Reached XP level 1. HP: 13/13 MP: 3/3
   392 | D:1      | Found a faded altar of an unknown god.
   452 | D:1      | Reached XP level 2. HP: 14/20 MP: 3/5
   453 | D:1      | Reached skill level 1 in Fighting
  1165 | D:1      | Reached XP level 3. HP: 24/26 MP: 6/6
  1178 | D:1      | Learned a level 3 spell: Frozen Ramparts
  1858 | D:2      | Found a stormy altar of Qazlal.
  2108 | D:2      | Reached skill level 5 in Ice Magic
  2108 | D:2      | Reached XP level 4. HP: 31/33 MP: 5/8
  2112 | D:2      | Learned a level 3 spell: Ozocubu's Armour
  2137 | D:2      | Noticed Terence
  2151 | D:2      | Killed Terence
  2354 | D:2      | Found a runed translucent door.
  2355 | D:2      | Noticed Crazy Yiuf
  3152 | D:3      | Found a hide-covered altar of Uskayaw.
  3381 | D:3      | Reached XP level 5. HP: 36/39 MP: 6/9
  3900 | D:3      | Found Doerr's Antique Armour Boutique.
  4277 | D:4      | Reached XP level 6. HP: 28/47 MP: 5/11
  4472 | D:4      | Splashed by a jelly's acid

Illustrated notes

Levels and vault maps discovered:
D:1:      dpeg_arrival_lava_temple_mockup, layout_rooms,
          shapermc_ecumenical_altar_ellora, fountainhead,
          minmay_misc_feat_diagonals, minmay_heptomino_l4
D:2:      layout_loops_corners, basic_altar, grunt_ministairs_15,
          chequers_serial_rivers_micro_e, kennysheep_flooded_box,
          uniq_crazy_yiuf_cottage, uniq_terence
D:3:      layout_basic, nicolae_uskayaw_dance_hall, serial_shops,
          nicolae_shop_behind_doors
D:4:      layout_loops_ring, nicolae_overflow_hidden_temple, uniq_pikel,
          uniq_robin

Skill      XL: |  1  2  3  4  5 |
---------------+----------------+-----
Fighting       | 1 2 3 |  3.5
Ice Magic      | 5 |  5.8
Spellcasting   | 3 |  3.6
Dodging        | |  2.6
Stealth        | |  2.1

Action                   |  1- 3 |  4- 6 || total
-------------------------+-------+-------++-------
Melee: Unarmed           |    10 |       ||    10
       Club              |    19 |       ||    19
       Dagger            |    20 |    39 ||    59
       Punch             |     1 |       ||     1
 Cast: Freeze            |    48 |    42 ||    90
       Frozen Ramparts   |       |     4 ||     4
 Stab: Sleeping          |     3 |     1 ||     4
Armor: Robe              |    22 |     9 ||    31
Dodge: Dodged            |    54 |    41 ||    95
